 Dungeon Crawl Stone Soup version 0.29.0-11-gd7f09526c8 (webtiles) character file.

Game seed: 18141647095769069059

88 leavemydog the Conjurer (level 4, -3/24 HPs)
             Began as a Deep Elf Conjurer on Sept 3, 2022.
             Slain by a goblin
             ... wielding a +0 dagger
             ... led by Robin
              (4 damage)
             ... on level 2 of the Dungeon.
             The game lasted 00:02:16 (1805 turns).

leavemydog the Conjurer (Deep Elf Conjurer)         Turns: 1805, Time: 00:02:16

Health: -3/24      AC:  2    Str:  4    XL:     4   Next: 30%
Magic:  0/11       EV: 12    Int: 25    God:
Gold:   150        SH:  0    Dex: 13    Spells: 3/10 levels left

rFire   . . .      SeeInvis .   n - +0 dagger
rCold   . . .      Faith    .   (no shield)
rNeg    . . .      Spirit   .   a - +0 robe
rPois   .          Reflect  .   (no helmet)
rElec   .          Harm     .   (no cloak)
rCorr   .          Rampage  .   (no gloves)
Will    .....                   (no boots)
Stlth   ++........              (no amulet)
HPRegen 0.08/turn               (no ring)
MPRegen 0.12/turn               (no ring)

@: brilliant, hasted, invisible, very quick
A: no striking features
a: no special abilities


You were on level 2 of the Dungeon.
You visited 1 branch of the dungeon, and saw 2 of its levels.

You collected 150 gold pieces.

Inventory:

Hand Weapons
 n - a +0 dagger (weapon)
Armour
 a - a +0 robe (worn)
Scrolls
 c - 4 scrolls of fear {unknown}
 d - 2 scrolls of brand weapon {unknown}
 f - 3 scrolls of noise {unknown}
 h - a scroll of summoning {unknown}
 i - a scroll of poison {unknown}
 j - a scroll of identify {unknown}
Potions
 b - a potion of magic
 e - a potion of might {unknown}
 g - 4 potions of brilliance
 l - a potion of invisibility
 m - a potion of resistance {unknown}


   Skills:
 - Level 2.4 Dodging
 - Level 2.4 Stealth
 + Level 3.7 Spellcasting
 + Level 6.1 Conjurations
 * Level 0.1 Translocations


You had 3 spell levels left.
You knew the following spells:

 Your Spells              Type           Power      Damage    Failure   Level
a - Magic Dart            Conj           100%       1d8       1%          1
b - Searing Ray           Conj           100%       2d8       1%          2
c - Iskenderun's Mystic   Conj/Tloc      30%        2d8       26%         4

Your spell library contained the following spells:

 Spells                   Type           Power      Damage    Failure   Level
 Dazzling Flash           Conj/Hex       58%        N/A       9%          3
 Sandblast                Erth           14%        2d6       10%         1
 Fulminant Prism          Conj/Hex       14%        3d9       26%         4


Dungeon Overview and Level Annotations

Branches:
Dungeon (2/15)

Altars:

Shops:
D:2 *

Annotations:
D:2 Robin


Message History

You kill the goblin!
Robin closely misses you.
You are out of magic!
Casting: Magic Dart (safe; 1% risk of failure)
Confirm with . or Enter, or press ? or * to list all spells.
You don't have enough magic to cast this spell.
Unknown command.
Okay, then.
Robin barely misses you. The goblin hits you but does no damage.
Things that are here:
a +0 dagger; a goblin corpse
n - a +0 dagger (weapon)
You hit Robin but do no damage. Robin completely misses you.
The goblin hits you with a +0 dagger.
You hit Robin but do no damage. Robin hits you with a +0 mace!
The goblin barely misses you. Robin attacks as you move away!
Robin closely misses you. The goblin attacks as you move away!
The goblin misses you. Robin throws the goblin at you!
The goblin hits you with a +0 dagger.
* * * LOW HITPOINT WARNING * * *
Casting: Magic Dart (safe; 1% risk of failure)
Confirm with . or Enter, or press ? or * to list all spells.
Aiming: Magic Dart (safe; 1% risk of failure)
Press: ? - help, Shift-Dir - straight line, f - goblin
Aim: a goblin, wielding a +0 dagger (strong, 100% to hit)
The magic dart hits the goblin.
The goblin is heavily wounded.
The goblin hits you with a +0 dagger.
* * * LOW HITPOINT WARNING * * *
It was a potion of brilliance.
You feel clever all of a sudden. Robin barely misses you.
The goblin hits you with a +0 dagger.
* * * LOW HITPOINT WARNING * * *
It was a potion of invisibility.
You fade into invisibility!
Robin says, "A pitiful Elf like you will never find the ORB!"
Robin hits you but does no damage. The goblin closely misses you.
It was a potion of haste.
You feel yourself speed up. Robin barely misses you.
The goblin hits you with a +0 dagger.
You die...

#..........##
####...<.>.....##
#.##............#
#.##............#
####...............#
#...................
#.........<.........
#...g...............
##..@................
#######..g.................
#.....).†..................
#.....)....................
#.....$..............†.....
#........................).
#...............[..........
#......).................).
#
...)..>..............).....


You could see Robin (unable to see you) and a goblin (strong, unable to see
you).

Vanquished Creatures
  4 adders (D:2)
  A dart slug (D:1)
  4 ball pythons
  3 endoplasms
  3 giant cockroaches
  11 goblins
  4 hobgoblins (D:2)
  6 jackals (D:1)
  3 frilled lizards (D:1)
  4 kobolds
  2 rats (D:2)
45 creatures vanquished.

Vanquished Creatures (others)
  A plant (D:1)
1 creature vanquished.

Grand Total: 46 creatures vanquished

Notes
Turn   | Place    | Note
-------+----------+-------------------------------------------
     0 | D:1      | leavemydog the Deep Elf Conjurer began the quest for the
                  | Orb.
     0 | D:1      | Reached XP level 1. HP: 10/10 MP: 6/6
    23 | D:1      | Found a faded altar of an unknown god.
    27 | D:1      | Got Plato's Spellbook of the Mountains
   234 | D:1      | Reached XP level 2. HP: 15/15 MP: 6/8
   237 | D:1      | Learned a level 2 spell: Searing Ray
   306 | D:1      | Reached skill level 5 in Conjurations
  1142 | D:2      | Reached XP level 3. HP: 16/19 MP: 3/9
  1291 | D:2      | Found Fenalerch's General Store.
  1599 | D:2      | Reached skill level 6 in Conjurations
  1599 | D:2      | Reached XP level 4. HP: 21/24 MP: 3/11
  1604 | D:2      | Learned a level 4 spell: Iskenderun's Mystic Blast
  1786 | D:2      | Noticed Robin
  1803 | D:2      | HP: 1/24 [goblin/+0 dagger[Robin] (3)]
  1805 | D:2      | Slain by a goblin

Illustrated notes

Levels and vault maps discovered:
D:1:      saegor_arrival_simple_b, layout_loops_ring,
          shapermc_ecumenical_altar_rom_forum
D:2:      layout_rooms, serial_shops, shop_coins, uniq_robin

Skill      XL: |  1  2  3 |
---------------+----------+-----
Conjurations   | 5 6 |  6.1
Dodging        | |  2.4
Stealth        | |  2.4
Spellcasting   | |  3.7
Translocations | |  0.1

Action                   |  1- 3 |  4- 6 || total
-------------------------+-------+-------++-------
Melee: Unarmed           |    10 |       ||    10
       Dagger            |       |     2 ||     2
 Cast: Magic Dart        |    66 |    19 ||    85
       Searing Ray       |     1 |       ||     1
  Use: Potion            |       |     3 ||     3
Armor: Robe              |     2 |     4 ||     6
Dodge: Dodged            |    13 |    10 ||    23
